 Dungeon Crawl Stone Soup version 0.23-a0-435-g79ed067 (webtiles) character file.

568 JeffiDaFish the Purveyor of Pain (level 7, -4/36 HPs)
             Began as a Deep Elf Necromancer on Nov 16, 2018.
             Was an Initiate of Kikubaaqudgha.
             Slain by an ogre
             ... wielding a +0 giant spiked club
              (14 damage)
             ... on level 5 of the Dungeon.
             The game lasted 00:16:57 (5504 turns).

JeffiDaFish the Purveyor of Pain (DENe)             Turns: 5504, Time: 00:16:58

Health: -4/36      AC:  4    Str:  7 (10) XL:     7   Next: 11%
Magic:  13/17      EV: 14    Int: 19 (20) God:    Kikubaaqudgha [......]
Gold:   393        SH:  0    Dex: 13 (16) Spells: 10/17 levels left

rFire    . . .     SeeInvis .   b - +1 dagger (freeze)
rCold    . . .     Gourm    .   (no shield)
rNeg     . . .     Faith    .   a - +0 robe
rPois    .         Spirit   .   d - +0 hat {MR+}
rElec    .         Reflect  .   (no cloak)
rCorr    .         Harm     .   h - +0 pair of gloves
MR       +....                  g - +0 pair of boots
Stlth    +++.......             (no amulet)
HPRegen  0.12/turn              j - +4 ring of strength
MPRegen  0.15/turn              (no ring)

@: no status effects
A: no striking features
a: Renounce Religion


You were on level 5 of the Dungeon.
You worshipped Kikubaaqudgha.
Kikubaaqudgha was noncommittal.
You were not hungry.

You visited 2 branches of the dungeon, and saw 6 of its levels.

You collected 393 gold pieces.

Inventory:

Hand Weapons
 b - a +1 dagger of freezing (weapon)
Armour
 a - a +0 robe (worn)
 d - a +0 hat of magic resistance (worn)
 g - a +0 pair of boots (worn)
 h - a +0 pair of gloves (worn)
Jewellery
 j - a +4 ring of strength (left hand)
Wands
 f - a wand of iceblast (7)
Scrolls
 e - 6 scrolls of remove curse
 i - 2 scrolls of identify
 l - 2 scrolls of enchant weapon
 n - 2 scrolls of blinking
Potions
 m - a potion of brilliance
Comestibles
 c - 7 rations
 k - 3 chunks of flesh


   Skills:
 + Level 0.6 Short Blades
 + Level 4.5 Dodging
 + Level 4.9 Stealth
 * Level 5.5 Spellcasting
 * Level 7.4 Necromancy


You had 10 spell levels left.
You knew the following spells:

 Your Spells              Type           Power        Failure   Level  Hunger
a - Pain                  Necr           ####         1%          1    None
b - Vampiric Draining     Necr           ####......   1%          3    ##.....
c - Regeneration          Chrm/Necr      ###.......   8%          3    ##.....

Your spell library contained the following spells:

 Spells                   Type           Power        Failure   Level  Hunger
 Animate Skeleton         Necr           N/A          1%          1    None
 Animate Dead             Necr           N/A          5%          4    ####...


Dungeon Overview and Level Annotations

Branches:
Dungeon (5/15)             Temple (1/1) D:4

Altars:
Elyvilon
Fedhas
Gozag
Kikubaaqudgha
Makhleb
Okawaru
Sif Muna
Trog
Uskayaw
Vehumet
Xom
Yredelemnul
Zin
The Shining One
Beogh

Annotations:
D:4 3 runed doors, Crazy Yiuf; MrDNA's ghost, amateur OgHu


Message History

The ogre closely misses you.
Casting: Pain (safe; 1% risk of failure)
Confirm with . or Enter, or press ? or * to list all spells.
Aiming: Pain (safe; 1% risk of failure)
Press: ? - help, Shift-Dir - straight line, f - ogre
Aim: an ogre, wielding a +0 giant spiked club (chance to defeat MR: 84%)
The ogre writhes in agony!
The ogre hits you with a +0 giant spiked club!!
Ouch! That really hurt!
* * * LOW HITPOINT WARNING * * *
Casting: Pain (safe; 1% risk of failure)
Confirm with . or Enter, or press ? or * to list all spells.
Aiming: Vampiric Draining (safe; 1% risk of failure)
Press: ? - help, Shift-Dir - straight line, f/p - ogre
Aim: an ogre, wielding a +0 giant spiked club (lightly wounded)
The ogre is moderately wounded.
You feel life coursing into your body.
The ogre hits you with a +0 giant spiked club!
You die...
Kikubaaqudgha rasps: "You have failed me!
Welcome... death!"

......#..#######
.....#..##....##
#....#.........#
+....#......O..#
#....#..####@.##
#....#..####..# #
#....#........# .
#....'........+ .+
#....#........#
.####....###'######
.........#....#
.........#....#
.........#....#


You could see an ogre.

Vanquished Creatures
  An ice beast (D:3)
  A crimson imp (D:3)
  3 orc priests
  A hound (D:4)
  2 orc wizards
  Ijyb (D:4)
  4 worker ants
  4 gnolls
  4 adders
  An ooze (D:2)
  A worm (D:2)
  A leopard gecko (D:2)
  9 orcs
  A ball python (D:1)
  4 giant cockroaches
  6 goblins
  6 hobgoblins
  3 jackals (D:2)
  6 kobolds
  A quokka (D:3)
  2 bats
  2 frilled lizards
  A leopard gecko skeleton (D:4)
  A quokka skeleton (D:4)
  6 rats
72 creatures vanquished.

Notes
Turn   | Place    | Note
-------+----------+-------------------------------------------
     0 | D:1      | JeffiDaFish the Deep Elf Necromancer began the quest for
                  | the Orb.
     0 | D:1      | Reached XP level 1. HP: 10/10 MP: 6/6
   647 | D:1      | Reached skill level 5 in Necromancy
  1079 | D:1      | Reached XP level 2. HP: 15/15 MP: 6/8
  1700 | D:2      | Found a bloodstained altar of Trog.
  2020 | D:2      | Reached XP level 3. HP: 10/19 MP: 5/10
  2091 | D:2      | Learned a level 3 spell: Vampiric Draining
  2139 | D:2      | Found a glowing silver altar of Zin.
  2606 | D:2      | Found a faded altar of an unknown god.
  2692 | D:2      | Reached XP level 4. HP: 24/24 MP: 11/11
  2904 | D:3      | Noticed an ice beast
  2928 | D:3      | Killed an ice beast
  2928 | D:3      | Reached skill level 6 in Necromancy
  2928 | D:3      | Reached XP level 5. HP: 22/28 MP: 0/13
  3032 | D:3      | Learned a level 3 spell: Regeneration
  3740 | D:3      | Reached XP level 6. HP: 22/32 MP: 13/15
  3958 | D:3      | Found a deep blue altar of Sif Muna.
  3995 | D:4      | Noticed Ijyb
  4006 | D:4      | Killed Ijyb
  4181 | D:4      | Found a staircase to the Ecumenical Temple.
  4194 | Temple   | Entered the Ecumenical Temple
  4349 | Temple   | Became a worshipper of Kikubaaqudgha
  4397 | D:4      | Reached skill level 7 in Necromancy
  4430 | D:4      | Found a runed door.
  4434 | D:4      | Noticed Crazy Yiuf
  4501 | D:4      | Reached skill level 5 in Spellcasting
  4695 | D:4      | Found a runed gate.
  4695 | D:4      | Found a runed gate.
  4695 | D:4      | Found a runed gate.
  4702 | D:4      | Noticed MrDNA's ghost (amateur OgHu)
  4704 | D:4      | Found a roughly hewn altar of Beogh.
  4708 | D:4      | Identified the +0 mace "Mezuitzu" {holy, Fragile rC+ rN+
                  | Int+6}
  5296 | D:5      | Entered Level 5 of the Dungeon
  5351 | D:5      | Reached XP level 7. HP: 22/36 MP: 2/17
  5504 | D:5      | Slain by an ogre

Vault maps used:
D:1:      eino_arrival_druids_welcome, serial_rivers,
          chequers_serial_rivers_room_b, chequers_serial_rivers_marsh,
          chequers_serial_rivers_large_a, chequers_serial_rivers_micro_c,
          chequers_serial_rivers_room_b, minmay_misc_feat_columns
D:2:      zin_academy, old_standard_altar, chequers_ecumenical_altar_lobes,
          minmay_misc_feat_room, minmay_vboxes
D:3:      lemuel_blue_sif_altar
D:4:      minmay_temple_entry_trees, biasface_ghost_orc_armoury, uniq_ijyb,
          uniq_crazy_yiuf_cottage
D:5:      first_ration, portal_sewer_entry_d, lemuel_statue_altar
Temple:   minmay_temple_curvy_loop

Skill      XL: |  1  2  3  4  5  6 |
---------------+-------------------+-----
Necromancy     | 5 6 7 |  7.4
Dodging        | 3 4 |  4.5
Stealth        | 3 4 |  4.9
Spellcasting   | 4 5 |  5.5
Short Blades   | |  0.6

Action                   |  1- 3 |  4- 6 |  7- 9 || total
-------------------------+-------+-------+-------++-------
Melee: Dagger            |    12 |   228 |     7 ||   247
 Cast: Pain              |    50 |    80 |     2 ||   132
       Vampiric Draining |     2 |    16 |     3 ||    21
       Regeneration      |       |     8 |       ||     8
  Use: Potion            |     4 |     3 |       ||     7
       Scroll            |     7 |     1 |       ||     8
 Stab: Sleeping          |     2 |     3 |       ||     5
  Eat: Chunk             |     2 |     7 |     1 ||    10
       Ration            |     1 |     1 |       ||     2
Armor: Robe              |    10 |    54 |     1 ||    65
Dodge: Dodged            |    15 |   167 |     3 ||   185

Table legend:
 A = Non-vault XP
 B = Vault XP
 C = Vault XP percentage of total XP
 D = Non-vault monster count
 E = Vault monster count
 F = Vault count percentage of total count
                 A         B        C        D         E       F
            +---------+---------+-------+---------+---------+-------
      Total |     768 |      44 |   5.4 |      66 |       6 |   8.3
            +---------+---------+-------+---------+---------+-------
        D:1 |      17 |       0 |   0.0 |      11 |       0 |   0.0
        D:2 |      91 |       8 |   8.1 |      15 |       5 |  25.0
        D:3 |     280 |       0 |   0.0 |      20 |       0 |   0.0
        D:4 |     295 |      36 |  10.9 |      16 |       1 |   5.9
        D:5 |      85 |       0 |   0.0 |       4 |       0 |   0.0
            +---------+---------+-------+---------+---------+-------
